 Dungeon Crawl Stone Soup version 0.27.0-1-g7a089689b8 (webtiles) character file.

Game seed: 2190513992980512877

2 freelancePsychic the Vexing (level 1, 0/15 HPs)
             Began as a Hill Orc Enchanter on Aug 5, 2021.
             Slain by a hobgoblin (3 damage)
             ... on level 1 of the Dungeon.
             The game lasted 00:00:32 (62 turns).

freelancePsychic the Vexing (Hill Orc Enchanter)      Turns: 62, Time: 00:00:32

Health: 0/15       AC:  2    Str: 10    XL:     1   Next: 30%
Magic:  2/3        EV: 12    Int: 15    God:
Gold:   6          SH:  0    Dex: 11    Spells: 2/3 levels left

rFire    . . .     SeeInvis .   a - +1 dagger
rCold    . . .     Faith    .   (no shield)
rNeg     . . .     Spirit   .   b - +0 robe
rPois    .         Reflect  .   (no helmet)
rElec    .         Harm     .   (no cloak)
rCorr    .         Rampage  .   (no gloves)
Will     .....                  (no boots)
Stlth    ++........             (no amulet)
HPRegen  0.05/turn              (no ring)
MPRegen  0.08/turn              (no ring)

@: weak-willed
A: no striking features
a: no special abilities


You were on level 1 of the Dungeon.
You visited 1 branch of the dungeon, and saw 1 of its levels.

You collected 6 gold pieces.

Inventory:

Hand Weapons
 a - a +1 dagger (weapon)
Armour
 b - a +0 robe (worn)


   Skills:
 + Level 0.8 Fighting
 - Level 1.0 Short Blades
 - Level 1.5 Dodging
 - Level 2.4 Stealth
 - Level 1.5 Spellcasting
 - Level 3.0 Hexes


You had 2 spell levels left.
You knew the following spells:

 Your Spells              Type           Power      Damage    Failure   Level
a - Corona                Hex            11%        N/A       7%          1

Your spell library contained the following spells:

 Spells                   Type           Power      Damage    Failure   Level
 Ensorcelled Hibernation  Hex/Ice        10%        N/A       19%         2
 Confusing Touch          Hex            10%        N/A       21%         3
 Tukima's Dance           Hex            10%        N/A       21%         3
 Dazzling Flash           Conj/Hex       10%        N/A       36%         3


Dungeon Overview and Level Annotations

Branches:
Dungeon (1/15)

Altars:


Message History

You now have 6 gold pieces.
Found a stone staircase leading down.
A ball python comes into view.
A hobgoblin comes into view. 2 hobgoblins come into view.
The hobgoblin shouts!
The ball python hisses angrily.
The hobgoblin shouts!
The ball python barely misses you. x2
The ball python closely misses you. The ball python misses you.
The ball python barely misses you. The ball python closely misses you.
You barely miss the ball python. The ball python bites you.
The ball python barely misses you.
The hobgoblin shouts!
You hit the ball python.
You kill the ball python!
You aren't carrying any scrolls.
You aren't carrying any potions.
The hobgoblin barely misses you. The hobgoblin closely misses you.
You see here a scroll labelled ARIERI FOWIDAU.
As you read the scroll labelled ARIERI FOWIDAU, it crumbles to dust.
Magic quickly surges around you.
It was a scroll of vulnerability.
The hobgoblin hits you.
You aren't carrying any potions.
Casting: Corona (safe; 7% risk of failure)
Confirm with . or Enter, or press ? or * to list all spells.
Aiming: Corona (safe; 7% risk of failure)
Press: ? - help, Shift-Dir - straight line, f - hobgoblin
Aim: a hobgoblin (weak-willed, chance to affect: 63%)
The hobgoblin struggles to resist.
The hobgoblin barely misses you.
You hit the hobgoblin.
The hobgoblin is severely wounded.
The hobgoblin hits you.
You hit the hobgoblin.
You kill the hobgoblin!
You closely miss the hobgoblin.
The hobgoblin hits you but does no damage.
You barely miss the hobgoblin. The hobgoblin hits you.
* * * LOW HITPOINT WARNING * * *
You hit the hobgoblin but do no damage. The hobgoblin hits you.
You die...

......♣♣###...##.
♣...♣♣♣..##...#.
..........#....
..........#...#
.......>..#...#
..........#...#
..........#...##
#..............#########
#........#####gg@.......
.......... #####......
..........# .....
..........# ####
........... ..........##
........##


You could see 2 hobgoblins.

Vanquished Creatures
  A hobgoblin (D:1)
  A ball python (D:1)
2 creatures vanquished.

Notes
Turn   | Place    | Note
-------+----------+-------------------------------------------
     0 | D:1      | freelancePsychic the Hill Orc Enchanter began the quest for
                  | the Orb.
     0 | D:1      | Reached XP level 1. HP: 14/14 MP: 3/3
    62 | D:1      | Slain by a hobgoblin

Illustrated notes

Levels and vault maps discovered:
D:1:      amcnicky_arrival_underground_garden, layout_rooms,
          shapermc_ecumenical_altar_mp_urbaneastern

Action                   || total
-------------------------++-------
Melee: Dagger            ||     7
 Cast: Corona            ||     1
  Use: Scroll            ||     1
Armor: Robe              ||     1
Dodge: Dodged            ||    10
